 Dungeon Crawl Stone Soup version 0.27-a0-262-gc50aac273e (webtiles) character file.

Game seed: 17242383822705881734

1278 kae the Ruffian (level 8, -3/79 HPs)
             Began as a White Draconian Transmuter on Feb 4, 2021.
             Slain by a centaur (8 damage)
             ... on level 6 of the Dungeon.
             The game lasted 00:04:04 (7954 turns).

kae the Ruffian (White Draconian Transmuter)        Turns: 7954, Time: 00:04:05

Health: -3/79      AC:  5    Str: 14    XL:     8   Next: 29%
Magic:  10/13      EV: 11    Int: 14    God:
Gold:   216        SH:  0    Dex: 12    Spells: 6/14 levels left

rFire    x . .     SeeInvis .     - Unarmed
rCold    + + +     Faith    .   (shield currently unavailable)
rNeg     . . .     Spirit   .   (armour unavailable)
rPois    +         Reflect  .   (helmet currently unavailable)
rElec    .         Harm     .   (cloak currently unavailable)
rCorr    .         Rampage  .   (gloves currently unavailable)
Will     .....                  (boots currently unavailable)
Stlth    +.........             (no amulet)
HPRegen  0.23/turn              D - ring of wizardry
MPRegen  0.13/turn              h - ring of poison resistance

@: ice-form
A: large, (breathe frost), unfitting armour, AC +6
a: End Transformation


You were on level 6 of the Dungeon.
You were a creature of crystalline ice.
You visited 2 branches of the dungeon, and saw 8 of its levels.

You collected 216 gold pieces.

Inventory:

Armour
 s - a +0 cloak (melded)
 t - a +0 pair of gloves (melded)
Jewellery
 h - a ring of poison resistance (right front paw)
 A - an uncursed ring of flight
 C - an uncursed ring of fire
 D - a ring of wizardry (left front paw)
Wands
 b - a wand of flame (23)
 y - a wand of paralysis (8)
 z - a wand of acid (6)
 B - a wand of charming (5)
Scrolls
 d - a scroll of enchant weapon
 e - 4 scrolls of remove curse
 g - 5 scrolls of identify
 k - a scroll of amnesia
 n - a scroll of blinking
Potions
 a - 3 potions of mutation
 c - 2 potions of brilliance
 f - 3 potions of curing
 m - a potion of might
 o - a potion of ambrosia
 q - 2 potions of haste
 r - 2 potions of degeneration
 u - a potion of flight
 w - a potion of berserk rage


   Skills:
 + Level 3.8 Fighting
 + Level 3.4 Dodging
 * Level 5.8 Unarmed Combat
 + Level 3.6 Spellcasting
 + Level 3.9 Transmutations
 * Level 4.6 Ice Magic
 - Level 3.0 Poison Magic


You had 6 spell levels left.
You knew the following spells:

 Your Spells              Type           Power        Failure   Level
a - Beastly Appendage     Tmut           26%          1%          1
b - Spider Form           Tmut/Pois      6%           6%          3
c - Ice Form              Ice/Tmut       14%          14%         4

Your spell library contained the following spells:

 Spells                   Type           Power        Failure   Level
 Wereblood                Tmut           13%          2%          2
 Animate Skeleton         Necr           4%           9%          1
 Apportation              Tloc           4%           9%          1
 Corona                   Hex            2%           9%          1
 Summon Small Mammal      Summ           8%           9%          1
 Blade Hands              Tmut           6%           38%         5


Dungeon Overview and Level Annotations

Branches:
Dungeon (7/15)             Temple (1/1) D:6

Altars:
Ashenzari
Cheibriados
Dithmenos
Elyvilon
Fedhas
Gozag
Makhleb
Nemelex Xobeh
Okawaru
Sif Muna
Trog
Uskayaw
Vehumet
Wu Jian
Xom
Yredelemnul
The Shining One

Shops:
D:6 (


Innate Abilities, Weirdness & Mutations

((You can breathe waves of freezing cold.))
((You can buffet flying creatures when you breathe cold.))
((Your icy white scales are hard. (AC +6)))
You cannot fit into any form of body armour.
((Your flesh is cold resistant. (rC+)))
((You are cold-blooded and may be slowed by cold attacks.))


Message History

* * * LOW HITPOINT WARNING * * *
The giant cockroach misses you.
You hit the giant cockroach. You freeze the giant cockroach.
The giant cockroach is severely wounded.
The giant cockroach bites you but does no damage.
You punch the giant cockroach! You freeze the giant cockroach.
You kill the giant cockroach!
The centaur shoots an arrow.
The arrow hits you!
* * * LOW HITPOINT WARNING * * *
The centaur unwields a +0 shortbow.
The centaur hits you but does no damage.
You see here a giant cockroach corpse.
You hit the centaur but do no damage. The centaur hits you.
* * * LOW HITPOINT WARNING * * *
The centaur hits you.
* * * LOW HITPOINT WARNING * * *
You punch the centaur! You freeze the centaur.
The centaur is heavily wounded.
The centaur hits you!
You die...

......# ......# ......#
......# #########
......##########.......#
.....................[...
################.......##
#########################
##
..........).....Yc.......
..
#######......######.....#
#. # #......# ....# #. #
######## ...# #. # ..# ##
############# .#
............# #
###########.# #.#


You could see a centaur.

Vanquished Creatures
  An ice beast (D:5)
  A sky beast (D:7)
  A phantom (D:5)
  2 centaurs
  A big kobold (D:7)
  A wyvern skeleton (D:6)
  3 scorpions
  A bullfrog zombie (D:5)
  3 hounds
  A jelly (D:5)
  2 orc priests
  Jessica (D:2)
  An iguana (D:7)
  4 orc wizards
  2 worker ants
  8 adders
  A shadow imp (D:6)
  2 ufetubi (D:5)
  An adder skeleton (D:4)
  2 worms (D:2)
  2 dart slugs
  2 leopard geckos (D:2)
  15 orcs
  5 giant cockroaches
  8 hobgoblins
  A quokka (D:2)
  A ball python (D:3)
  9 bats
  6 frilled lizards
  6 goblins
  8 kobolds
  6 rats
108 creatures vanquished.

Notes
Turn   | Place    | Note
-------+----------+-------------------------------------------
     0 | D:1      | kae the Draconian Transmuter began the quest for the Orb.
     0 | D:1      | Reached XP level 1. HP: 16/16 MP: 3/3
   476 | D:1      | Reached XP level 2. HP: 23/23 MP: 3/5
  1327 | D:2      | Noticed Jessica
  1346 | D:2      | Reached XP level 3. HP: 28/28 MP: 6/6
  1350 | D:2      | Killed Jessica
  1390 | D:2      | Learned a level 3 spell: Spider Form
  1682 | D:2      | Reached XP level 4. HP: 36/36 MP: 5/7
  2690 | D:3      | Reached skill level 1 in Poison Magic
  2839 | D:3      | Reached skill level 4 in Unarmed Combat
  3167 | D:3      | Reached XP level 5. HP: 26/41 MP: 4/8
  3312 | D:2      | Learned a level 4 spell: Ice Form
  4412 | D:3      | Reached skill level 1 in Ice Magic
  4503 | D:3      | Reached XP level 6. HP: 50/50 MP: 10/10
  4793 | D:4      | Found an iron altar of Okawaru.
  4897 | D:4      | Found a burning altar of Makhleb.
  5687 | D:5      | Entered Level 5 of the Dungeon
  5700 | D:5      | Your scales start taking on an icy white colour.
  5700 | D:5      | Reached XP level 7. HP: 51/56 MP: 8/11
  5700 | D:5      | Gained mutation: Your flesh is cold resistant. (rC+) [White
                  | Draconian growth]
  5922 | D:5      | Reached skill level 5 in Unarmed Combat
  6198 | D:5      | Found a sparkling altar of Nemelex Xobeh.
  6638 | D:6      | You fall into a shaft and drop 1 floor!
  6666 | D:7      | Reached XP level 8. HP: 14/63 MP: 6/13
  7624 | D:6      | Found a staircase to the Ecumenical Temple.
  7657 | Temple   | Entered the Ecumenical Temple
  7772 | D:6      | Found Amufarphi's Weapon Boutique.
  7954 | D:6      | Slain by a centaur

Illustrated notes

Levels and vault maps discovered:
D:1:      minmay_arrival_checkered_box, layout_basic
D:2:      layout_basic, uniq_jessica
D:3:      layout_loops_corners
D:4:      layout_cave_pools, okawaru_gym_becter, makhleb_heckhound_becter
D:5:      layout_cave_pools, basic_altar
D:6:      layout_basic, zin_scriptorium, minmay_temple_entry_antechambers,
          serial_shops, shop, minmay_fountain_box, uniq_crazy_yiuf_cottage
D:7:      layout_loops_corners
Temple:   nicolae_temple_x_marks_the_god

Skill      XL: |  1  2  3  4  5  6  7  8 |
---------------+-------------------------+-----
Dodging        | 2 3 |  3.4
Fighting       | 2 3 |  3.8
Poison Magic   | 1 2 3 |  3.0
Unarmed Combat | 4 5 |  5.8
Ice Magic      | 1 2 3 4 |  4.6
Transmutations | 3 |  3.9
Spellcasting   | 3 |  3.6

Action                   |  1- 3 |  4- 6 |  7- 9 || total
-------------------------+-------+-------+-------++-------
Melee: Unarmed           |    85 |   228 |   117 ||   430
       Kick              |    11 |    10 |       ||    21
       Headbutt          |     8 |    11 |       ||    19
       Tailslap          |     7 |     8 |       ||    15
       Punch             |       |     3 |     2 ||     5
 Cast: Beastly Appendage |    23 |    22 |       ||    45
       Spider Form       |       |    14 |    15 ||    29
       Ice Form          |       |       |     2 ||     2
  Use: Potion            |     2 |     2 |       ||     4
       Scroll            |       |       |    18 ||    18
Armor: Skin              |    45 |   108 |    16 ||   169
Dodge: Dodged            |    54 |   237 |    79 ||   370

Table legend: (Time is in decaauts)
 A = Elapsed time spent in this place.
 B = Non-inter-level travel time spent in this place.
 C = Inter-level travel time spent in this place.
 D = Time resting spent in this place.
 E = Time spent auto-exploring this place.
 F = Levels seen in this place.
 G = Mean time per level.
                   A        B        C        D        E       F      G
               +--------+--------+--------+--------+--------+-----+--------+
         Total |   7918 |   7596 |    322 |    842 |   5742 |   8 |  989.8 |
       Dungeon |   7846 |   7532 |    314 |    842 |   5678 |   7 | 1120.9 |
        Temple |     72 |     64 |      8 |      0 |     64 |   1 |   72.0 |
               +--------+--------+--------+--------+--------+-----+--------+

Top non-repeatable levels by time:
     D:3: 1970 daAuts
     D:2: 1446 daAuts
     D:1: 1323 daAuts
     D:4: 927 daAuts
     D:5: 872 daAuts
     D:6: 711 daAuts
     D:7: 593 daAuts
  Temple: 72 daAuts
